 Dungeon Crawl Stone Soup version 0.31-a0-188-g5e087ee2ca (webtiles) character file.

Game seed: 1816436245509593232

221 qw the Skirmisher (level 5, 0/30 HPs)
             Began as a Deep Elf Hunter on June 23, 2023.
             Slain by Edmund
             ... wielding a +2 dire flail of venom
              (3 damage)
             ... on level 4 of the Dungeon.
             The game lasted 00:01:09 (2391 turns).

qw the Skirmisher (Deep Elf Hunter)                 Turns: 2391, Time: 00:01:10

Health: 0/30       AC:  5    Str: 10    XL:     5   Next: 65%
Magic:  7/7        EV: 11    Int: 14    God:
Gold:   156        SH:  0    Dex: 18    Spells: 4/4 levels left

rFire   + . .        Y - +0 shortbow (drain)
rCold   . . .        (shield currently unavailable)
rNeg    . . .        l - +0 ring mail
rPois   .            (no helmet)
rElec   .            (no cloak)
rCorr   .            (no gloves)
SInv    .            (no boots)
Will    +....        (no amulet)
Stlth   +            a - ring of willpower
HPRegen 0.25/turn    f - ring of protection from fire
MPRegen 0.10/turn

%: no passive effects
@: lethally poisoned (0 -> -13), about to teleport
A: no striking features
a: no special abilities


You were on level 4 of the Dungeon.
You visited 1 branch of the dungeon, and saw 4 of its levels.

You collected 156 gold pieces.


   Skills:
 + Level 1.8 Fighting
 - Level 9.1 Ranged Weapons
 - Level 2.4 Dodging
 - Level 1.2 Stealth


You had 4 spell levels left.
You didn't know any spells.
Your spell library was empty.

Inventory:

Hand Weapons
 c - a +0 shortbow of freezing
 Y - a +0 shortbow of draining (weapon)
Armour
 e - a +1 robe of positive energy
 l - a +0 ring mail (worn)
Jewellery
 a - a ring of willpower (left hand)
 f - a ring of protection from fire (right hand)
 p - a ring of protection from fire
 s - a ring of positive energy
Scrolls
 t - a scroll of enchant weapon {unknown}
Potions
 b - 2 potions of curing
 d - a potion of invisibility {unknown}
 g - a potion of degeneration {unknown}
 h - a potion of brilliance {unknown}
 i - a potion of resistance {unknown}
 j - a potion of heal wounds
 m - a potion of enlightenment {unknown}
 n - a potion of berserk rage {unknown}
 o - a potion of magic {unknown}
 q - a potion of haste {unknown}
 r - a potion of lignification {unknown}

Dungeon Overview and Level Annotations

Branches:
Dungeon (4/15)
 Temple: D:4-7

Altars:

Shops:
D:2 (

Annotations:
D:4 Edmund


Message History

The arrow hits Edmund but does no damage.
Edmund is moderately wounded.
Edmund says, "People think my brother is the best.
I think he's crazy."
Edmund misses you.
You shoot an arrow. The arrow hits Edmund.
You drain Edmund.
Edmund is heavily wounded.
Edmund barely misses you.
You shoot an arrow. The arrow hits Edmund.
Edmund is heavily wounded.
Edmund misses you. Edmund completely misses you.
You shoot an arrow. The arrow closely misses Edmund.
Edmund closely misses you.
You shoot an arrow.
The arrow hits Edmund but does no damage.
You drain Edmund.
Edmund is heavily wounded.
Edmund barely misses you.
You shoot an arrow. The arrow closely misses Edmund.
Edmund hits you with a +2 dire flail of venom!
You shoot an arrow. The arrow barely misses Edmund.
Edmund says, "I'm quite good with sums, too."
Edmund misses you.
You shoot an arrow. The arrow hits Edmund!
You drain Edmund.
Edmund is severely wounded.
Edmund barely misses you.
You shoot an arrow.
The arrow hits Edmund but does no damage.
Edmund is severely wounded.
Edmund hits you with a +2 dire flail of venom.
You shoot an arrow.
The arrow hits Edmund but does no damage.
Edmund is severely wounded.
Edmund hits you with a +2 dire flail of venom!
You are lethally poisoned!
2391 ||| READING scroll of teleportation.
As you read the scroll of teleportation, it crumbles to dust.
You feel strangely unstable.
You feel very sick.
Edmund hits you with a +2 dire flail of venom.
You die...

)......
########......#
..)...........#
#.....#......#
#<..........#
#.........#.#####
#.........%.....#
..#......##.......#
.......@..........#
......@####.......##
....... #.....7..#
#### .......
#........# ...#
....$.)...
#.7.>....#
##.###..........
#........#
................
##....7###
................
##.).# .........
#.###


You could see Edmund (very drained).

Vanquished Creatures
  A scorpion (D:4)
  A hound (D:4)
  3 adders
  A white imp (D:3)
  A worm (D:2)
  A dart slug (D:1)
  7 orcs
  9 ball pythons
  4 endoplasms
  5 giant cockroaches
  5 goblins
  5 hobgoblins
  10 jackals
  5 bats
  6 frilled lizards
  13 kobolds
  2 rats
79 creatures vanquished.

Notes
Turn   | Place    | Note
-------+----------+-------------------------------------------
     0 | D:1      | qw the Deep Elf Hunter began the quest for the Orb.
     0 | D:1      | Reached XP level 1. HP: 12/12 MP: 3/3
     0 | D:1      | 0 ||| qw: Version: 0.3-a-9-g12657ce
     0 | D:1      | 0 ||| qw: Game counter: 4123
     0 | D:1      | 0 ||| qw: Always use a shield: true
     0 | D:1      | 0 ||| qw: God list: Okawaru
     0 | D:1      | 0 ||| qw: Allow faded altars: false
     0 | D:1      | 0 ||| qw: Do Orc after D:15 true
     0 | D:1      | 0 ||| qw: Do second Lair branch before Depths: true
     0 | D:1      | 0 ||| qw: Lair rune preference: random
     0 | D:1      | 0 ||| qw: Plans: Normal
     0 | D:1      | 0 ||| PLANNING D:1-11
    60 | D:1      | Reached skill level 6 in Ranged Weapons
    60 | D:1      | Reached XP level 2. HP: 16/16 MP: 4/4
   181 | D:1      | 181 ||| READING scroll labelled GOLAGG CASOTA.
   182 | D:1      | 182 ||| DROPPING scroll of butterflies.
   587 | D:1      | Reached XP level 3. HP: 20/20 MP: 5/5
   764 | D:1      | 764 ||| UPGRADING to ring of willpower.
   765 | D:1      | 765 ||| UPGRADING to ring of protection from fire.
   766 | D:1      | 766 ||| DROPPING ring of magical power.
   767 | D:1      | 767 ||| READING scroll labelled WIACVUIN KIO.
   771 | D:1      | 771 ||| READING scroll labelled QEUCIO OTOILU.
   884 | D:2      | Found Hotakk's Antique Weapon Shop.
   911 | D:2      | Reached skill level 7 in Ranged Weapons
  1340 | D:2      | Found a faded altar of an unknown god.
  1344 | D:2      | 1344 ||| UPGRADING to +0 ring mail.
  1354 | D:2      | 1354 ||| DROPPING +0 leather armour.
  1355 | D:2      | 1355 ||| READING scroll labelled ISABIY GERPH.
  1356 | D:2      | 1356 ||| READING scroll labelled MUJETI IVVOCO.
  1357 | D:2      | 1357 ||| READING scroll labelled ROZIVIDESUI.
  1358 | D:2      | 1358 ||| READING scroll labelled YTWAEBL ACZADE.
  1359 | D:2      | 1359 ||| READING scroll labelled GUXZOR VOZXISH.
  1359 | D:2      | Identified a scroll of acquirement
  1359 | D:2      | 1359 ||| ACQUIRING +0 shortbow of freezing
  1359 | D:2      | Acquired a +0 shortbow of freezing
  1361 | D:2      | 1361 ||| DRINKING 2 fuming emerald potions.
  1363 | D:2      | 1363 ||| Stepping ~*~*~tactically~*~*~ (cloud).
  1367 | D:2      | HP: 5/20 [poisoned by you (poison gas)]
  1717 | D:3      | Reached XP level 4. HP: 25/25 MP: 6/6
  2062 | D:3      | 2062 ||| READING scroll labelled UNUINIMNYXI.
  2063 | D:3      | 2063 ||| DRINKING 2 fuming clear potions.
  2128 | D:4      | 2128 ||| STAIRDANCE
  2198 | D:4      | Reached skill level 8 in Ranged Weapons
  2230 | D:4      | Reached XP level 5. HP: 29/29 MP: 7/7
  2340 | D:4      | Reached skill level 9 in Ranged Weapons
  2374 | D:4      | Noticed Edmund
  2390 | D:4      | HP: 7/30 [Edmund/+2 dire flail of venom (13)]
  2391 | D:4      | 2391 ||| READING scroll of teleportation.
  2391 | D:4      | HP: 3/30 [poisoned by Edmund]
  2391 | D:4      | Slain by Edmund

Levels and vault maps discovered:
D:1:      matt_arrival_los_fun, layout_basic,
          nicolae_concentric_dashed_squares_wild, minmay_misc_feat_diagonals,
          grunt_decor_resistance
D:2:      layout_basic, serial_shops, nicolae_shop_tiny_waterfront,
          chequers_ecumenical_altar_lobes, chequers_serial_rivers_micro_b
D:3:      layout_loops_ring
D:4:      layout_basic, grunt_ministairs_1, uniq_edmund

Skill      XL: |  1  2  3  4  5 |
---------------+----------------+-----
Ranged Weapons | 6 7 8 9 |  9.1
Fighting       | |  1.8
Dodging        | |  2.4
Stealth        | |  1.2

Action                     |  1- 3 |  4- 6 || total
---------------------------+-------+-------++-------
   Fire: Shortbow          |   109 |   102 ||   211
    Use: Scroll            |     8 |     2 ||    10
         Potion            |     1 |     1 ||     2
 Armour: Leather armour    |    13 |       ||    13
         Ring mail         |       |    19 ||    19
  Dodge: Dodged            |    21 |    39 ||    60

Table legend:
 A = Non-vault XP
 B = Vault XP
 C = Vault XP percentage of total XP
 D = Non-vault monster count
 E = Vault monster count
 F = Vault count percentage of total count
                 A         B        C        D         E       F
            +---------+---------+-------+---------+---------+-------
      Total |     312 |       4 |   1.3 |      77 |       2 |   2.5
            +---------+---------+-------+---------+---------+-------
        D:1 |      43 |       0 |   0.0 |      25 |       0 |   0.0
        D:2 |      42 |       0 |   0.0 |      18 |       0 |   0.0
        D:3 |      44 |       0 |   0.0 |      13 |       0 |   0.0
        D:4 |     183 |       4 |   2.1 |      21 |       2 |   8.7
            +---------+---------+-------+---------+---------+-------
